 Dungeon Crawl Stone Soup version 0.32-a0-656-g3542139 (webtiles) character file.

Game seed: 10621993195781443149

43902 smazza the Geomancer (level 14, -5/90 HPs)
             Began as a Gargoyle Earth Elementalist on Mar 8, 2024.
             Was a High Priest of Vehumet.
             Slain by Donald
             ... wielding a +0 demon trident
              (32 damage)
             ... on level 2 of the Orcish Mines.
             The game lasted 01:38:59 (18887 turns).

smazza the Geomancer (Gargoyle Earth Elementalist) Turns: 18887, Time: 01:39:00

Health: -5/90      AC: 25    Str: 16    XL:     14   Next: 26%
Magic:  1/24       EV: 12    Int: 23    God:    Vehumet [*****.]
Gold:   2246       SH:  5    Dex: 10    Spells: 9/27 levels left

rFire   + + .        n - staff of earth
rCold   . . .        (no shield)
rNeg    + . .        H - +3 leather armour {rF+}
rPois   ∞            q - +1 helmet "Nuntea" {Rampage rCorr}
rElec   +            t - +2 cloak
rCorr   +            (no gloves)
SInv    .            i - +0 pair of boots
Will    +....        F - amulet of reflection
Stlth   ++           e - +6 ring of intelligence
HPRegen 0.35/turn    r - ring of protection from fire
MPRegen 0.19/turn

%: reflection, rampage
@: flying, invisible
A: sickness immunity, AC +10, big wings, negative energy resistance 1,
electricity resistance, torment resistance 1, petrification resistance
a: Renounce Religion


You were on level 2 of the Orcish Mines.
You worshipped Vehumet.
Vehumet was extremely pleased with you.
You visited 4 branches of the dungeon, and saw 17 of its levels.
You also visited: Volcano.

You collected 2246 gold pieces.

Inventory:

Hand Weapons
 c - a +0 whip
 j - a +3 mace of holy wrath
 k - a +2 dagger of venom
 s - the +7 Throatcutter {drain, coup de grace}
   (You found it on level 6 of the Dungeon)
 A - a +1 whip of flaming
 G - a +2 great mace of flaming
 I - the +5 rapier "Arbiter" {elec, Str+3 Int+4}
   (You found it on level 2 of the Lair of Beasts)

   Str+3:     It affects your strength (+3).
   Int+4:     It affects your intelligence (+4).
Missiles
 l - 137 stones
 B - 6 throwing nets
Armour
 i - a +0 pair of boots (worn)
 m - a +0 helmet
 o - a +1 robe of willpower
 q - the +1 helmet "Nuntea" (worn) {Rampage rCorr}
   (You found it in a volcano)

   rCorr:     It protects you from acid and corrosion.
   Rampage:   It bestows one free step when moving towards enemies.
 t - a +2 cloak (worn)
 w - +3 steam dragon scales
 D - a +1 hat of stealth
 H - a +3 leather armour of fire resistance (worn)
Magical Staves
 n - a staff of earth (weapon)
Jewellery
 e - a +6 ring of intelligence (left hand)
 h - an amulet of magic regeneration
 r - a ring of protection from fire (right hand)
 v - a ring of wizardry
 F - an amulet of reflection (around neck)
Wands
 g - a wand of warping (5)
 u - a wand of charming (14)
 M - a wand of flame (16)
Scrolls
 f - 7 scrolls of identify
 p - 4 scrolls of amnesia
 x - a scroll of enchant armour
 y - 2 scrolls of vulnerability
 z - 4 scrolls of revelation
 C - 2 scrolls of teleportation
 L - 2 scrolls of summoning
Potions
 a - 2 potions of enlightenment
 b - a potion of magic
 d - 3 potions of brilliance
 J - a potion of resistance
 K - a potion of cancellation
 N - a potion of attraction


   Skills:
 + Level 11.0 Fighting
 - Level 10.0 Maces & Flails
 - Level 10.0 Armour
 + Level 2.5 Dodging
 - Level 5.0 Stealth
 + Level 7.0 Spellcasting
 + Level 12.4 Conjurations
 + Level 13.9 Earth Magic


You had 9 spell levels left.
You knew the following spells:

 Your Spells              Type           Power      Damage    Failure   Level
a - Sandblast             Erth           100%       2d20      1%          1
b - Stone Arrow           Conj/Erth      100%       3d13      1%          3
c - Passwall              Erth           83%        N/A       1%          3
d - Brom's Barrelling Bo  Conj/Erth      80%        2d9       1%          4
e - Sting                 Conj/Alch      100%       1d9       1%          1
f - Bombard               Conj/Erth      40%        9d7       1%          6

Your spell library contained the following spells:

 Spells                   Type           Power      Damage    Failure   Level
 Freezing Cloud           Conj/Ice/Air   13%        6-21      12%         5
 Foxfire                  Conj/Fire      100%       2x1d9     1%          1
 Hailstorm                Conj/Ice       36%        3d9       1%          3
 Mercury Vapours          Alch/Air       16%        N/A       3%          2
 Petrify                  Alch/Erth      57%        N/A       4%          4
 Arcjolt                  Conj/Air       18%        1d28      5%          5
 Necrotise                Necr           32%        1d5       9%          1
 Ensorcelled Hibernation  Hex/Ice        16%        N/A       13%         2
 Olgreb's Toxic Radiance  Alch           8%         N/A       22%         4
 Fugue of the Fallen      Necr           8%         N/A       26%         3
 Summon Ice Beast         Ice/Summ       8%         N/A       26%         3
 Swiftness                Air            8%         N/A       26%         3
 Vampiric Draining        Necr           8%         2d6       26%         3
 Starburst                Conj/Fire      18%        6d7       26%         6
 Anguish                  Hex/Necr       4%         N/A       65%         4
 Dispel Undead            Necr           8%         3d8       65%         4
 Martyr's Knell           Necr/Summ      8%         N/A       65%         4
 Vhi's Electric Charge    Tloc/Air       16%        N/A       65%         4
 Curse of Agony           Necr           8%         N/A       94%         5
 Plasma Beam              Fire/Air       4%         2x1d14    95%         6
 Death Channel            Necr           4%         N/A       100%        6
 Sculpt Simulacrum        Ice/Alch       4%         N/A       100%        6
 Maxwell's Capacitive Co  Air            4%         ∞         100%        8
 Cigotuvi's Dreadful Rot  Necr/Alch/Air  Unusable   N/A       N/A         2

Dungeon Overview and Level Annotations

Branches:
Dungeon (11/15)            Temple (1/1) D:6            Lair (3/5) D:10
  Swamp (0/4) Lair:2       Spider (0/4) Lair:2          Orc (2/2) D:11
Volcano (visited)
    Elf: Orc:2

Altars:
Ashenzari
Cheibriados
Dithmenos
Elyvilon
Fedhas
Gozag
Hepliaklqana
Kikubaaqudgha
Makhleb
Nemelex Xobeh
Okawaru
Qazlal
Ru
Sif Muna
Trog
Uskayaw
Vehumet
Wu Jian
Xom
Yredelemnul
Zin
The Shining One
Beogh

Portals:
Trove: D:11 (give +6 demon trident)

Annotations:
D:10 3 runed translucent doors
Lair:1 3 runed translucent doors, Losm's ghost, journeyman DECj
Lair:2 1 runed translucent door
Orc:2 Donald


Innate Abilities, Weirdness & Mutations

You are immune to sickness and miasma.
Your stone body is resilient. (AC +10)
You are immune to poison.
Your large and strong wings let you fly.
You resist negative energy. (rN+)
You are resistant to electric shocks. (rElec)
You are resistant to unholy torment.
You are immune to petrification.


Message History

Donald seems to grow stronger.
Casting: Stone Arrow (safe; 1% risk of failure)
Confirm with . or Enter, or press ? or * to list all spells.
Aiming: Bombard (dangerous; 1% risk of failure)
Press: ? - help, Shift-Dir - straight line, f/p - Donald
Aim: Donald, wielding a +0 demon trident, wearing a +0 plate armour and wearing a +0 kite shield (lightly wounded, fast, strong, poisoned, 89% to hit)
You feel a surge of power!
Donald blocks the iron shot.
The blast sends you backwards.
Donald says, "You're really ugly.
Did you know that?"
Casting: Bombard (dangerous; 1% risk of failure)
Confirm with . or Enter, or press ? or * to list all spells.
Aiming: Bombard (dangerous; 1% risk of failure)
Press: ? - help, Shift-Dir - straight line, f/p - Donald
Aim: Donald, wielding a +0 demon trident, wearing a +0 plate armour and wearing a +0 kite shield (lightly wounded, fast, strong, poisoned, 89% to hit)
You feel a surge of power!
The iron shot misses Donald.
Donald hits you from afar with a +0 demon trident!
Donald hits you from afar with a +0 demon trident.
Casting: Bombard (dangerous; 1% risk of failure)
Confirm with . or Enter, or press ? or * to list all spells.
Aiming: Bombard (dangerous; 1% risk of failure)
Press: ? - help, Shift-Dir - straight line, f/p - Donald
Aim: Donald, wielding a +0 demon trident, wearing a +0 plate armour and wearing a +0 kite shield (moderately wounded, fast, strong, poisoned, 89% to hit)
You feel a surge of power!
The iron shot hits Donald!!
Donald is heavily wounded.
The blast sends you backwards.
Donald looks more healthy.
Donald says, "I hate hellfire."
Casting: Bombard (dangerous; 1% risk of failure)
Confirm with . or Enter, or press ? or * to list all spells.
Aiming: Bombard (dangerous; 1% risk of failure)
Press: ? - help, Shift-Dir - straight line, f/p - Donald
Aim: Donald, wielding a +0 demon trident, wearing a +0 plate armour and wearing a +0 kite shield (heavily wounded, fast, strong, 89% to hit)
You feel a surge of power!
Donald blocks the iron shot.
The blast sends you backwards.
Donald hits you from afar with a +0 demon trident!
* * * LOW HITPOINT WARNING * * *
You fade into invisibility!
Donald says, "I hate explosions."
Donald hits you from afar with a +0 demon trident!!
You die...
Donald says, "Well, maybe you weren't so bad after all."

#.................
#..................
#..................
#..................
#..................
#.......$..........
#........@.......#
##..............##.
#..........@....#..
#....................
#...............#....
#...............#.....
#...........................
#...........................
#...............#...).≈≈≈≈##
##......).......#......≈≈≈≈#
#........................≈≈≈


You could see Donald (fast, strong, unable to see you).

Vanquished Creatures
  Gastronok (Lair:1)
  Snorg (D:11)
  Harold (Lair:1)
  3 hydras
  A centaur warrior (Volcano)
  A boulder beetle (Lair:2)
  6 death yaks
  A hell knight (Volcano)
  A goliath frog (Lair:2)
  Lodul (D:11)
  Pikel (D:8)
  2 lindwurms (Lair:1)
  7 orc knights
  4 orc sorcerers
  3 elephants
  2 kobold blastminers (Orc:2)
  A black mamba (Lair:1)
  A cane toad (Lair:1)
  A gargoyle (D:11)
  4 komodo dragons
  2 yaktaurs (Volcano)
  A rime drake (D:10)
  3 trolls
  3 polar bears
  3 blink frogs
  A culicivora (Lair:2)
  5 slime creatures (D:11)
  8 wyverns
  2 shadows
  2 wraiths
  A vampire (D:11)
  41 yaks
  6 basilisks
  A human (Lair:2)
  Grum (Lair:1)
  A warg (Orc:2)
  A steam dragon (D:7)
  A redback (Lair:2)
  7 water moccasins
  An acid dragon (D:11)
  A swamp drake (Lair:2)
  30 orc warriors
  2 ice beasts (D:5)
  2 black bears
  11 ogres
  The ghost of poml the Cudgeller, an amateur DsMo (D:3)
  20 wolves
  10 centaurs
  3 lemures (D:8)
  7 kobold brigands
  2 phantoms
  7 bullfrogs
  A gnoll sergeant (D:9)
  5 scorpions
  3 wights (D:7)
  6 killer bees (D:9)
  2 howler monkeys
  2 jellies (D:7)
  An electric eel (D:8)
  3 bombardier beetles
  Crazy Yiuf (D:2)
  A hound (D:5)
  12 orc priests
  A sleepcap (D:5)
  Jessica (D:2)
  5 iguanas
  Terence (D:3)
  13 orc wizards
  Natasha (D:4)
  7 hell rats
  The ghost of tls9540 the Insei, a weakling OpMo (D:3)
  Robin (D:3)
  7 gnolls
  7 adders
  A shadow imp (D:5)
  A white imp (D:8)
  2 ribbon worms (D:2)
  54 orcs
  8 ball pythons
  5 endoplasms
  3 giant cockroaches
  16 goblins
  4 hobgoblins
  2 jackals (D:1)
  2 quokkas
  4 bats
  5 frilled lizards
  10 kobolds
  6 rats
  A butterfly (Lair:1)
436 creatures vanquished.

Notes
Turn   | Place    | Note
-------+----------+-------------------------------------------
     0 | D:1      | smazza the Gargoyle Earth Elementalist began the quest for
                  | the Orb.
     0 | D:1      | Reached XP level 1. HP: 10/10 MP: 3/3
   241 | D:1      | Reached XP level 2. HP: 9/15 MP: 5/5
   395 | D:1      | Reached skill level 4 in Earth Magic
  1122 | D:2      | Reached XP level 3. HP: 9/19 MP: 1/6
  1312 | D:2      | Found a runed translucent door.
  1313 | D:2      | Noticed Crazy Yiuf
  1434 | D:2      | Learned a level 3 spell: Stone Arrow
  1521 | D:2      | Noticed Jessica
  1523 | D:2      | Killed Jessica
  1524 | D:2      | Reached XP level 4. HP: 24/24 MP: 5/7
  1945 | D:3      | Found a runed translucent gate.
  2271 | D:3      | Found a runed translucent gate.
  2272 | D:3      | Found a runed translucent gate.
  2279 | D:3      | Noticed tls9540's ghost (weakling OpMo)
  2279 | D:3      | Noticed poml's ghost (amateur DsMo)
  2364 | D:3      | Noticed Terence
  2369 | D:3      | Killed Terence
  2370 | D:3      | Reached skill level 5 in Earth Magic
  2370 | D:3      | Reached XP level 5. HP: 28/28 MP: 4/9
  2416 | D:3      | Learned a level 3 spell: Passwall
  2436 | D:3      | Noticed Robin
  2445 | D:3      | Killed Robin
  3014 | D:4      | Reached XP level 6. HP: 29/32 MP: 6/10
  3055 | D:4      | Learned a level 4 spell: Brom's Barrelling Boulder
  3091 | D:4      | Reached skill level 6 in Earth Magic
  3135 | D:4      | Noticed a black bear
  3140 | D:4      | Killed a black bear
  3141 | D:4      | Reached XP level 7. HP: 37/37 MP: 4/12
  3244 | D:4      | Noticed Natasha
  3340 | D:4      | Killed Natasha
  3627 | D:4      | Reached skill level 1 in Fighting
  3687 | D:5      | Entered Level 5 of the Dungeon
  3693 | D:5      | Reached skill level 5 in Conjurations
  3807 | D:5      | Reached skill level 7 in Earth Magic
  3973 | D:5      | Reached skill level 1 in Maces & Flails
  4027 | D:5      | Reached XP level 8. HP: 43/44 MP: 8/13
  4376 | D:6      | Found a staircase to the Ecumenical Temple.
  4419 | Temple   | Entered the Ecumenical Temple
  4437 | Temple   | Became a worshipper of Vehumet
  4729 | D:6      | Found a shadowy altar of Dithmenos.
  4734 | D:6      | Found a shimmering altar of Xom.
  4882 | D:6      | Reached skill level 8 in Earth Magic
  4889 | D:6      | Found the +7 Throatcutter {drain, coup de grace}
  5387 | D:7      | Reached XP level 9. HP: 49/51 MP: 11/15
  5508 | D:7      | Reached * piety under Vehumet
  5508 | D:7      | Offered knowledge of Magic Dart by Vehumet.
  6074 | D:7      | Reached skill level 9 in Earth Magic
  6439 | D:8      | Reached skill level 1 in Armour
  6439 | D:8      | Reached skill level 5 in Spellcasting
  6685 | D:8      | Noticed Pikel
  6704 | D:8      | Killed Pikel
  6735 | D:8      | Found a transporter.
  6765 | D:8      | Reached skill level 5 in Fighting
  6934 | D:8      | Found a burning altar of Makhleb.
  7200 | D:9      | Reached XP level 10. HP: 59/59 MP: 17/17
  7720 | D:9      | Found a sacrificial altar of Ru.
  7792 | D:9      | Reached ** piety under Vehumet
  7793 | D:9      | Offered knowledge of Sting by Vehumet.
  7805 | D:9      | Learned a level 1 spell: Sting
  7932 | D:10     | Entered Level 10 of the Dungeon
  8017 | D:10     | Reached skill level 10 in Earth Magic
  8026 | D:10     | Reached skill level 5 in Maces & Flails
  8469 | D:10     | Found a runed translucent gate.
  8469 | D:10     | Found a runed translucent gate.
  8469 | D:10     | Found a runed translucent gate.
  8471 | D:10     | Noticed a brown ugly thing
  8473 | D:10     | Noticed a glowing orange brain
  8474 | D:10     | Noticed a red ugly thing
  8475 | D:10     | Noticed a white ugly thing
  8475 | D:10     | Noticed a brown ugly thing
  8744 | D:10     | Reached skill level 5 in Armour
  8768 | D:10     | Found a basalt altar of Yredelemnul.
  8859 | D:10     | Reached XP level 11. HP: 66/66 MP: 18/18
  8894 | D:10     | Found a staircase to the Lair.
  8928 | D:10     | Offered knowledge of Volatile Blastmotes by Vehumet.
  9029 | D:10     | Noticed an orc knight
  9175 | D:10     | Killed an orc knight
  9176 | D:10     | Reached skill level 11 in Earth Magic
  9212 | D:9      | Reached *** piety under Vehumet
  9278 | D:10     | Found a roughly hewn altar of Beogh.
  9289 | D:10     | Identified a scroll of acquirement
  9289 | D:10     | Acquired 513 gold pieces
  9576 | D:2      | Killed Crazy Yiuf
  9663 | D:3      | Killed tls9540's ghost
  9668 | D:3      | Killed poml's ghost
  9842 | Lair:1   | Entered Level 1 of the Lair of Beasts
  9875 | D:10     | Offered knowledge of Sticky Flame by Vehumet.
  9946 | Lair:1   | Noticed Gastronok
  9959 | Lair:1   | Killed Gastronok
 10017 | Lair:1   | Noticed a lindwurm
 10027 | Lair:1   | Noticed a lindwurm
 10039 | Lair:1   | Reached skill level 10 in Conjurations
 10041 | Lair:1   | Killed a lindwurm
 10066 | Lair:1   | Killed a lindwurm
 10263 | Lair:1   | Reached XP level 12. HP: 58/75 MP: 17/19
 10437 | Lair:1   | Found a dark tunnel.
 10445 | Volcano  | Entered a volcano
 10464 | Volcano  | Noticed a centaur warrior
 10473 | Volcano  | Found a burning altar of Makhleb.
 10480 | Volcano  | Killed a centaur warrior
 10483 | Volcano  | Reached skill level 12 in Earth Magic
 10623 | Volcano  | Noticed a hell knight
 10636 | Volcano  | Killed a hell knight
 10636 | Volcano  | Reached **** piety under Vehumet
 10651 | Volcano  | Identified the +1 helmet "Nuntea" {Rampage rCorr}
 10874 | Lair:1   | Offered knowledge of Fulminant Prism by Vehumet.
 10932 | Lair:1   | Found a runed translucent gate.
 10932 | Lair:1   | Found a runed translucent gate.
 10932 | Lair:1   | Noticed Losm's ghost (journeyman DECj)
 10933 | Lair:1   | Found a runed translucent gate.
 10933 | Lair:1   | Noticed a five-headed hydra
 10966 | Lair:1   | Noticed Grum
 11011 | Lair:1   | Killed Grum
 11158 | Lair:1   | Noticed Harold
 11166 | Lair:1   | Killed Harold
 12488 | Lair:2   | Identified the +5 rapier "Arbiter" {elec, Str+3 Int+4}
 12701 | Lair:2   | Found a hole to the Spider Nest.
 12893 | Lair:2   | Found a staircase to the Swamp.
 12972 | Lair:2   | Reached ***** piety under Vehumet
 12972 | Lair:2   | Offered knowledge of Bombard by Vehumet.
 12978 | Lair:2   | Reached XP level 13. HP: 72/80 MP: 17/21
 12998 | Lair:2   | Learned a level 6 spell: Bombard
 13191 | Lair:2   | Reached skill level 13 in Earth Magic
 13786 | Lair:2   | Found a runed translucent door.
 14102 | Lair:2   | Reached skill level 10 in Fighting
 14598 | Lair:3   | Reached skill level 5 in Stealth
 15319 | D:11     | Found a staircase to the Orcish Mines.
 15359 | D:11     | Noticed Lodul
 15391 | D:11     | Killed Lodul
 15985 | D:11     | Found a portal to a secret trove of treasure.
 16272 | Orc:1    | Entered Level 1 of the Orcish Mines
 16304 | Orc:1    | Found a radiant altar of Vehumet.
 16630 | Orc:1    | Noticed Snorg
 16672 | D:11     | Killed Snorg
 16870 | Orc:2    | Entered Level 2 of the Orcish Mines
 16994 | Orc:1    | Gained mutation: Your large and strong wings let you fly.
                  | [Gargoyle growth]
 16994 | Orc:1    | Reached XP level 14. HP: 81/88 MP: 11/24
 17142 | Orc:2    | Found a shimmering blue altar of Sif Muna.
 17232 | Orc:2    | Paralysed by an orc sorcerer for 3 turns
 18055 | Orc:2    | Offered knowledge of Freezing Cloud by Vehumet.
 18339 | Orc:2    | Reached skill level 10 in Armour
 18792 | Orc:2    | Noticed Donald
 18820 | Orc:2    | Reached skill level 10 in Maces & Flails
 18887 | Orc:2    | Slain by Donald

Illustrated notes

Levels and vault maps discovered:
D:1:      ldierk_walled_garden_2, layout_loops_ring, minmay_tree_intersection,
          minmay_split_cup_small
D:2:      layout_loops_cross, reono_crystal_passage, serial_bayou_lagoon_a,
          uniq_jessica, uniq_crazy_yiuf_cottage
D:3:      layout_basic, gammafunk_ghost_cemetery, uniq_terence, uniq_robin
D:4:      layout_cave_pools, uniq_natasha
D:5:      layout_loops_ring
D:6:      layout_basic, mainiacjoe_overflow_big_doors,
          minmay_temple_entry_glassed_door, dilly_guarded_unrand_throatcut
D:7:      layout_basic
D:8:      layout_gridville, mainiacjoe_overflow_alcove_4, nrook_pool_corridor,
          nicolae_diode_basic, uniq_pikel
D:9:      layout_loops_ring, nicolae_ru_path_of_blood
D:10:     layout_cave_pools, mainiacjoe_overflow_tiny_flanked,
          minmay_lair_entry_grove, ploomutoo_gammafunk_ghost_potion_laboratory,
          lightli_church_of_beogh
D:11:     layout_gridville, orc_0_dummy, enter_trove_3, uniq_lodul
Temple:   nicolae_temple_bog_church
Lair:1:   layout_regular_city, gammafunk_ghost_split, enter_volcano_1,
          nicolae_lair_lindhole, lemuel_fruit_fields, lemuel_fruit_fields,
          serial_bayou_shore_b, grunt_megastairs_4, uniq_harold, uniq_grum,
          uniq_gastronok
Lair:2:   layout_chaotic_city, mainiacjoe_swamp_entry_lozenge_pond,
          spider_nest_entry_funnel_web, chequers_serial_rivers_large_b,
          pdpol_lair_cabin_in_the_woods
Lair:3:   layout_long_grid
Orc:1:    layout_diamond_mine, basic_altar, nicolae_orc_flooded_monolith,
          uniq_snorg
Orc:2:    st_orc_rangers, layout_diamond_mine, special_room,
          kennysheep_orc_sif_temple, uniq_donald

Skill      XL: |  1  2  3  4  5  6  7  8  9 10 11 12 13 14 |
---------------+-------------------------------------------+-----
Earth Magic    | 4 5 6 7 8 9 10 11 12 13 | 13.9
Conjurations   | 2 3 4 5 7 8 9 10 11 12 | 12.4
Spellcasting   | 3 4 5 6 7 |  7.0
Fighting       | 2 3 5 6 8 9 10 11 | 11.0
Maces & Flails | 1 2 4 5 7 8 9 10 | 10.0
Armour         | 2 5 7 8 9 10 | 10.0
Stealth        | 3 5 |  5.0
Dodging        | 2 |  2.5

Action                     |  1- 3 |  4- 6 |  7- 9 | 10-12 | 13-15 || total
---------------------------+-------+-------+-------+-------+-------++-------
  Melee: Whip              |    44 |       |       |    24 |       ||    68
         Dagger            |     2 |    37 |       |       |       ||    39
         Staff             |       |     1 |     3 |     3 |     6 ||    13
         Long sword        |       |       |    13 |    25 |       ||    38
         Mace              |       |       |     5 |     6 |    69 ||    80
  Throw: Stone             |       |       |       |       |     2 ||     2
   Cast: Sandblast         |    25 |    45 |   126 |   300 |   134 ||   630
         Brom's Barrelling |       |     2 |     2 |     4 |    23 ||    31
         Stone Arrow       |       |       |       |    85 |   144 ||   229
         Sting             |       |       |       |     6 |    20 ||    26
         Bombard           |       |       |       |       |    45 ||    45
    Use: Scroll            |       |     3 |    11 |    10 |     2 ||    26
         Potion            |       |       |       |     9 |     2 ||    11
   Stab: Sleeping          |     1 |     2 |       |       |     1 ||     4
 Armour: Robe              |    52 |    50 |    23 |       |       ||   125
         Steam dragon scal |       |       |    25 |   281 |       ||   306
         Leather armour    |       |       |       |   234 |   274 ||   508
  Dodge: Dodged            |    29 |    20 |    54 |   298 |   164 ||   565
  Block: Other             |       |       |       |       |    24 ||    24
         Reflection        |       |       |       |       |    16 ||    16

Table legend: (Time is in decaauts)
 A = Elapsed time spent in this place.
 B = Non-inter-level travel time spent in this place.
 C = Inter-level travel time spent in this place.
 D = Time resting spent in this place.
 E = Time spent auto-exploring this place.
 F = Levels seen in this place.
 G = Mean time per level.
                   A        B        C        D        E       F      G
               +--------+--------+--------+--------+--------+-----+--------+
         Total |  19291 |  17943 |   1348 |   4132 |   9526 |  18 | 1071.7 |
       Dungeon |  12097 |  11045 |   1052 |   2191 |   6585 |  11 | 1099.7 |
        Temple |     38 |      2 |     36 |      0 |      0 |   1 |   38.0 |
          Lair |   4448 |   4241 |    207 |    852 |   2299 |   3 | 1482.7 |
  Orcish Mines |   2372 |   2320 |     52 |    978 |    637 |   2 | 1186.0 |
       Volcano |    335 |    335 |      0 |    111 |      5 |   1 |  335.0 |
               +--------+--------+--------+--------+--------+-----+--------+

Top non-repeatable levels by time:
    D:10: 1932 daAuts
  Lair:2: 1820 daAuts
  Lair:1: 1598 daAuts
   Orc:2: 1411 daAuts
     D:9: 1292 daAuts
    D:11: 1274 daAuts
     D:3: 1111 daAuts
     D:2: 1082 daAuts
     D:1: 1038 daAuts
  Lair:3: 1029 daAuts
     D:7: 1028 daAuts
     D:6: 1000 daAuts
   Orc:1: 961 daAuts
     D:8: 876 daAuts
     D:4: 755 daAuts
